 Dungeon Crawl Stone Soup version 0.28.0-55-gcd9437bce4 (webtiles) character file.

Game seed: 9564620788426665692

30 warriortoast the Grasshopper (level 3, 18/18 HPs)
             Began as a Spriggan Warper on July 19, 2022.
             Quit the game on level 1 of the Dungeon on Dec 13, 2022.
             The game lasted 00:10:11 (896 turns).

warriortoast the Grasshopper (Spriggan Warper)       Turns: 896, Time: 00:10:12

Health: 18/18      AC:  2    Str:  7    XL:     3   Next: 3%
Magic:  8/8        EV: 18    Int: 14    God:
Gold:   19         SH:  0    Dex: 16    Spells: 5/7 levels left

rFire   . . .      SeeInvis +   a - +0 short sword
rCold   . . .      Faith    .   (no shield)
rNeg    . . .      Spirit   .   b - +0 robe
rPois   .          Reflect  .   (helmet restricted)
rElec   .          Harm     .   i - scarf {repulsion}
rCorr   .          Rampage  .   (gloves unavailable)
Will    .....                   (boots unavailable)
Stlth   ++........              (no amulet)
HPRegen 0.06/turn               (no ring)
MPRegen 0.11/turn               (no ring)

@: repel missiles, very quick
A: very small, no large weapons, unfitting armour, see invisible, speed 3
a: no special abilities


You were on level 1 of the Dungeon.
You visited 1 branch of the dungeon, and saw 1 of its levels.

You collected 19 gold pieces.

Inventory:

Hand Weapons
 a - a +0 short sword (weapon)
Missiles
 d - 5 boomerangs of dispersal
 e - 2 boomerangs (quivered)
 h - 2 poisoned darts
Armour
 b - a +0 robe (worn)
 i - a scarf of repulsion (worn)
Scrolls
 c - a scroll of blinking
 f - a scroll of teleportation {unknown}
Potions
 g - a potion of mutation {unknown}
 j - a potion of degeneration {unknown}


   Skills:
 + Level 2.1 Fighting
 + Level 2.8 Short Blades
 + Level 1.0 Throwing
 - Level 3.2 Dodging
 + Level 2.3 Stealth
 - Level 2.6 Spellcasting
 - Level 4.4 Translocations


You had 5 spell levels left.
You knew the following spells:

 Your Spells              Type           Power      Damage    Failure   Level
a - Blink                 Tloc           28%        N/A       5%          2

Your spell library contained the following spells:

 Spells                   Type           Power      Damage    Failure   Level
 Gell's Gravitas          Tloc           14%        N/A       11%         3
 Lesser Beckoning         Tloc           14%        N/A       11%         3
 Teleport Other           Tloc           14%        N/A       11%         3
 Manifold Assault         Tloc           14%        N/A       71%         5


Dungeon Overview and Level Annotations

Branches:
Dungeon (1/15)

Altars:


Innate Abilities, Weirdness & Mutations

You are very small and have problems with some larger weapons.
You are too small for most types of armour.
You have supernaturally acute eyesight. (SInv)
You cover ground extremely quickly. (Speed+++)


Message History

You start memorising the spell.
You continue memorising. x2
You finish memorising.
Spell assigned to 'a'.
You throw a boomerang. The boomerang barely misses the bat.
You throw a boomerang.
The boomerang hits the bat but does no damage.
The bat barely misses you.
You hit the bat.
You kill the bat!
No target in view!
You see here a bat corpse.
Found a robe.
j - a bubbling clear potion You see here a +0 mace.
There is an open door here.
A bat is nearby!
A bat is nearby!
No target in view!
No target in view!
A bat is nearby!
No target in view!
A ball python comes into view.
The ball python hisses angrily.
You throw a boomerang. The boomerang hits the ball python.
You kill the ball python!
You have reached level 3!
Your experience leads to an increase in your attributes!
Increase (S)trength, (I)ntelligence, or (D)exterity?
You feel agile. x2
A goblin comes into view. It is wielding a +0 dagger.
The goblin moves out of view.
You throw a boomerang. The goblin shouts!
The boomerang hits the goblin.
You kill the goblin!
Things that are here:
a +0 dagger; a goblin corpse Welcome back, warriortoast the Spriggan Warper.
Press ? for a list of commands and other information.
Okay, then.
Are you sure you want to abandon this character and quit the game? (Confirm with "yes".)

.#. #. +.......#........
.#. #................
#................
#................
#.......^........
########................
#...........####........
#...........####........
#..?...@....##..........
#####.......##........##
#.....####........#
#......###........#
#.................#
#......##.#......†#
##'##..#.##.......# ...
##.## #..###+## #### #.#
#..#


There were no monsters in sight!

Vanquished Creatures
  4 dart slugs (D:1)
  2 endoplasms (D:1)
  A giant cockroach (D:1)
  A goblin (D:1)
  2 hobgoblins (D:1)
  6 ball pythons (D:1)
  A bat (D:1)
  3 frilled lizards (D:1)
  3 kobolds (D:1)
23 creatures vanquished.

Notes
Turn   | Place    | Note
-------+----------+-------------------------------------------
     0 | D:1      | warriortoast the Spriggan Warper began the quest for the
                  | Orb.
     0 | D:1      | Reached XP level 1. HP: 10/10 MP: 5/5
   114 | D:1      | Reached skill level 1 in Stealth
   124 | D:1      | Reached XP level 2. HP: 8/15 MP: 6/6
   528 | D:1      | Found a faded altar of an unknown god.
   817 | D:1      | Learned a level 2 spell: Blink
   883 | D:1      | Reached XP level 3. HP: 18/18 MP: 8/8
   896 | D:1      | Upgraded the game from 0.28.0-53-g5a82cb258f to
                  | 0.28.0-55-gcd9437bce4
   896 | D:1      | Quit the game

Illustrated notes

Levels and vault maps discovered:
D:1:      dpeg_arrival_stonehenge_8_columns, layout_basic,
          shapermc_ecumenical_altar_notcrosses, minmay_fountain_box,
          minmay_tree_intersection, minmay_misc_feat_tiny, serial_bayou_lagoon_a

Skill      XL: |  1  2 |
---------------+-------+-----
Stealth        | 1 2 |  2.3
Fighting       | 2 |  2.1
Short Blades   | |  2.8
Throwing       | |  1.0
Dodging        | |  3.2
Spellcasting   | |  2.6
Translocations | |  4.4

Action                   || total
-------------------------++-------
Melee: Short sword       ||    16
Throw: Dart              ||     8
       Boomerang         ||    48
 Stab: Sleeping          ||     1
Armor: Robe              ||     3
Dodge: Dodged            ||    29
       Repelled          ||     4
